 Dungeon Crawl Stone Soup version 0.32-a0-18-g89e19f1974 (webtiles) character file.

Game seed: 3417725488845518988

63 Malachi the Changeling (level 4, -3/33 HPs)
             Began as a Merfolk Shapeshifter on Jan 16, 2024.
             Slain by a scorpion (7 damage)
             ... on level 2 of the Dungeon.
             The game lasted 00:01:09 (793 turns).

Malachi the Changeling (Merfolk Shapeshifter)        Turns: 793, Time: 00:01:10

Health: -3/33      AC:  2    Str: 15 (16) XL:     4   Next: 10%
Magic:  4/4        EV: 13    Int:  6 (9)  God:
Gold:   94         SH:  5    Dex: 11 (13) Spells: 3/3 levels left

rFire   . .          .
                       - Unarmed
rCold   . . .        (no shield)
rNeg    . . .        a - +0 animal skin
rPois   .            (helmet currently unavailable)
rElec   .            (cloak currently unavailable)
rCorr   .            (gloves currently unavailable)
SInv    .            (boots currently unavailable)
Will    .....        j - amulet of reflection
Stlth   +            i - ring of flight
HPRegen 0.25/turn    (no ring)
MPRegen 0.09/turn

%: reflection
@: lethally poisoned (-3 -> -5), beast-form, flying
A: beast (slay +2), (nimble swimmer 2), mertail
a: Begin Untransformation


You were on level 2 of the Dungeon.
You were a hulking beast.
You visited 1 branch of the dungeon, and saw 2 of its levels.

You collected 94 gold pieces.

Inventory:

Armour
 a - a +0 animal skin (worn)
 h - a +0 pair of gloves
 k - a +0 cloak
Jewellery
 f - a ring of ice
 i - a ring of flight (left hand)
 j - an amulet of reflection (around neck)
 n - a ring of fire
Talismans
 c - a beast talisman
 d - a flux talisman
Scrolls
 e - a scroll of fear {unknown}
 g - 3 scrolls of blinking {unknown}
 l - a scroll of amnesia {unknown}
 m - a scroll of teleportation {unknown}
 o - a scroll of identify {unknown}
 p - 2 scrolls of enchant weapon {unknown}
Potions
 b - a potion of lignification
 q - a potion of degeneration


   Skills:
 + Level 2.1 Fighting
 + Level 3.7 Dodging
 + Level 3.9 Unarmed Combat
 + Level 4.6 Shapeshifting


You had 3 spell levels left.
You didn't know any spells.
Your spell library contained the following spells:

 Spells                   Type           Power      Damage    Failure   Level
 Scorch                   Fire           0%         2d5       58%         2
 Flame Wave               Conj/Fire      0%         2d4       99%         4
 Summon Cactus Giant      Summ           0%         N/A       100%        6


Dungeon Overview and Level Annotations

Branches:
Dungeon (2/15)

Altars:


Innate Abilities, Weirdness & Mutations

You are a hulking beast.
Your limbs bulge with bestial killing power. (Slay +2)
((You are very nimble when in or above water. (Stealth+, EV+, Speed+++)))
Your lower body shifts to a powerful aquatic tail in water.


Message History

A scorpion is nearby!
A scorpion is nearby!
A scorpion is nearby!
Found an escape hatch in the ceiling.
A frilled lizard comes into view.
The scorpion closely misses you.
You barely miss the scorpion. You block the scorpion's attack.
You barely miss the scorpion.
The frilled lizard hisses angrily.
You block the scorpion's attack.
A kobold comes into view. It is wielding a +0 short sword.
You hit the scorpion but do no damage. You block the scorpion's attack.
You hit the scorpion.
The scorpion is lightly wounded.
The scorpion stings you.
You are poisoned.
The scorpion poisons you!
You closely miss the scorpion.
The scorpion is lightly wounded.
You feel very sick. The scorpion stings you. You block the scorpion's attack.
You hit the scorpion.
The scorpion is moderately wounded.
You feel very sick. The scorpion stings you.
You hit the scorpion.
You punch the scorpion, but do no damage.
The scorpion is moderately wounded.
You feel sick. The scorpion stings you!
* * * LOW HITPOINT WARNING * * *
You are too injured to fight recklessly!
* * * LOW HITPOINT WARNING * * *
You feel sick.
You feel sick. The scorpion attacks as it pursues you! The scorpion misses you.
You feel sick. The scorpion attacks as it pursues you! The scorpion misses you.
It was a potion of degeneration.
There was something very wrong with that liquid.
You feel weakened.
You feel dopey.
You feel clumsy.
You feel sick. You block the scorpion's attack. The scorpion stings you!
You die...

.####. ## ###.# ......
###.#.#.. ....# # ⌠.#
#.⌠.#. <.. .#.# ##.#..
#####l## .#.# ###..
#......## 8.###. ##...
......#K.##.###.#.##[...
..... #s#..#.....#......
.... #h#?....##...###+#
.#. #.#.#...##.#####.# #
#.#.#..###........
#>..#.#..#####.....#
#..#.#......'<...<.
#.......#####.....#
#.....#.##...# #.....+
#.#####.###...##.....#
#.# #.>##.....#


You could see a scorpion, a kobold and a frilled lizard.

Vanquished Creatures
  A hound (D:2)
  A dart slug (D:1)
  2 ball pythons (D:1)
  An endoplasm (D:2)
  3 giant cockroaches (D:1)
  3 goblins (D:1)
  3 hobgoblins
  5 quokkas (D:1)
  3 bats
  A kobold (D:1)
  5 rats
28 creatures vanquished.

Notes
Turn   | Place    | Note
-------+----------+-------------------------------------------
     0 | D:1      | Malachi the Merfolk Shapeshifter began the quest for the
                  | Orb.
     0 | D:1      | Reached XP level 1. HP: 15/15 MP: 1/1
   142 | D:1      | Reached XP level 2. HP: 21/21 MP: 2/2
   186 | D:1      | Found a faded altar of an unknown god.
   447 | D:1      | Reached XP level 3. HP: 25/27 MP: 3/3
   680 | D:2      | Reached XP level 4. HP: 29/33 MP: 4/4
   779 | D:2      | Noticed a scorpion
   793 | D:2      | Slain by a scorpion

Illustrated notes

Levels and vault maps discovered:
D:1:      dpeg_arrival_castle, layout_basic, basic_ecumenical_altar
D:2:      layout_basic, grunt_decor_mini_mirrors

Skill      XL: |  1  2  3 |
---------------+----------+-----
Dodging        | 3 |  3.7
Fighting       | 2 |  2.1
Unarmed Combat | |  3.9
Shapeshifting  | |  4.6

Action                     |  1- 3 |  4- 6 || total
---------------------------+-------+-------++-------
  Melee: Unarmed           |    59 |     8 ||    67
         Punch             |     2 |     1 ||     3
         Tailslap          |     1 |       ||     1
    Use: Potion            |       |     1 ||     1
   Stab: Sleeping          |     1 |       ||     1
 Armour: Animal skin       |    24 |     5 ||    29
  Dodge: Dodged            |    28 |     3 ||    31
  Block: Other             |     4 |     5 ||     9

Table legend: (Time is in decaauts)
 A = Elapsed time spent in this place.
 B = Non-inter-level travel time spent in this place.
 C = Inter-level travel time spent in this place.
 D = Time resting spent in this place.
 E = Time spent auto-exploring this place.
 F = Levels seen in this place.
 G = Mean time per level.
                   A        B        C        D        E       F      G
               +--------+--------+--------+--------+--------+-----+--------+
         Total |    774 |    759 |     15 |      0 |    556 |   2 |  387.0 |
       Dungeon |    774 |    759 |     15 |      0 |    556 |   2 |  387.0 |
               +--------+--------+--------+--------+--------+-----+--------+

Top non-repeatable levels by time:
     D:1: 609 daAuts
     D:2: 165 daAuts
